 Dungeon Crawl Stone Soup version 0.30.0-29-ga12c61a403 (webtiles) character file.

Game seed: 9205251280112547988

95 qw the Chopper (level 4, -1/28 HPs)
             Began as a Gargoyle Fighter on June 4, 2023.
             Slain by Grinder (2 damage)
             ... on level 3 of the Dungeon.
             The game lasted 00:01:00 (1596 turns).

qw the Chopper (Gargoyle Fighter)                   Turns: 1596, Time: 00:01:01

Health: -1/28      AC: 12    Str: 22    XL:     4   Next: 65%
Magic:  4/4        EV:  8    Int:  8    God:
Gold:   39         SH:  4    Dex:  9    Spells: 3/3 levels left

rFire   . . .        Y - +0 war axe
rCold   . . .        c - +0 buckler
rNeg    + . .        e - +0 chain mail
rPois   inf          (no helmet)
rElec   +            (no cloak)
rCorr   .            (no gloves)
SInv    .            (no boots)
Will    .....        (no amulet) Stlth
                     (no ring)
HPRegen 0.24/turn    (no ring)
MPRegen 0.09/turn

%: no passive effects
@: no status effects
A: sickness immunity, AC +3, negative energy resistance 1, electricity
resistance, torment resistance 1, petrification resistance
a: no special abilities


You were on level 3 of the Dungeon.
You visited 1 branch of the dungeon, and saw 3 of its levels.

You collected 39 gold pieces.


Innate Abilities, Weirdness & Mutations

You are immune to sickness and miasma.
Your stone body is resilient. (AC +3)
You are immune to poison.
You resist negative energy. (rN+)
You are resistant to electric shocks. (rElec)
You are resistant to unholy torment.
You are immune to petrification.


   Skills:
 - Level 3.2 Fighting
 + Level 4.3 Axes
 - Level 3.2 Armour
 - Level 3.2 Shields


You had 3 spell levels left.
You didn't know any spells.
Your spell library was empty.

Inventory:

Hand Weapons
 f - a +0 whip
 Y - a +0 war axe (weapon)
Armour
 c - a +0 buckler (worn)
 e - a +0 chain mail (worn)
Jewellery
 i - a ring of fire
Potions
 d - a potion of might
 h - a potion of flight {unknown}
 j - 2 potions of curing

Dungeon Overview and Level Annotations

Branches:
Dungeon (3/15)

Altars:

Annotations:
D:3 Grinder


Message History

Grinder gestures at you.
You barely resist. You hit Grinder.
Grinder is heavily wounded.
Grinder closely misses you. Grinder hits you but does no damage.
You barely miss Grinder.
Grinder is heavily wounded.
Grinder blinks!
Grinder hits you but does no damage.
Enter note: You barely miss Grinder.
Grinder is heavily wounded.
Grinder gestures at you.
You suddenly lose the ability to move!
Grinder hits you but does no damage. Grinder hits you.
You writhe in agony.
You can move again.
You barely miss Grinder.
Grinder is heavily wounded.
Grinder hits you. Grinder closely misses you.
You closely miss Grinder.
Grinder is heavily wounded.
Grinder hits you.
You writhe in agony.
You hit Grinder but do no damage.
Grinder is heavily wounded.
Grinder closely misses you.
You closely miss Grinder.
Grinder is heavily wounded.
Grinder hits you but does no damage. x2
You hit Grinder.
Grinder is heavily wounded.
Grinder gestures at you. Pain shoots through your body!
You hit Grinder but do no damage.
Grinder is heavily wounded.
Grinder hits you but does no damage.
You closely miss Grinder.
Grinder is heavily wounded.
Grinder hits you.
You writhe in agony.
You die...

#.#.# #.% #. #.#.#
#.% #.#.######.#.#
#..
#.#..........####..
#.########.#%.....%
##.#### #.#.#####.
#.....# #.#.# #.
#.....# #.#.# #.
#.5@..# #.#.# ##
##$#######.######>#.#
......$......)......#
....######.#......###
. #.#%#############
....# #....... ......
#<###### #.##.### #.#
.. #.# #.#


You could see Grinder.

Vanquished Creatures
  3 adders
  2 worms (D:3)
  2 dart slugs (D:1)
  3 endoplasms
  8 giant cockroaches
  5 goblins
  7 hobgoblins
  3 quokkas
  3 ball pythons
  5 bats (D:1)
  2 frilled lizards (D:2)
  8 kobolds
  4 rats
55 creatures vanquished.

Notes
Turn   | Place    | Note
-------+----------+-------------------------------------------
     0 | D:1      | qw the Gargoyle Fighter began the quest for the Orb.
     0 | D:1      | Reached XP level 1. HP: 14/14 MP: 1/1
     0 | D:1      | 0 ||| qw: Version: 0.2-a-107-g4668610
     0 | D:1      | 0 ||| qw: Game counter: 1179
     0 | D:1      | 0 ||| qw: Always use a shield: true
     0 | D:1      | 0 ||| qw: God list: Okawaru
     0 | D:1      | 0 ||| qw: Allow faded altars: false
     0 | D:1      | 0 ||| qw: Do Orc after D:15 true
     0 | D:1      | 0 ||| qw: Do second Lair branch before Depths: true
     0 | D:1      | 0 ||| qw: Lair rune preference: random
     0 | D:1      | 0 ||| qw: Plans: Normal, Zot:1-4, Slime:5, God:TSO, Crypt,
                  | Tomb, Abyss, Pan, Hells, Win
     0 | D:1      | 0 ||| PLANNING D:1-11
    17 | D:1      | Reached skill level 2 in Axes
    43 | D:1      | 43 ||| Stepping ~*~*~tactically~*~*~ (stealth).
    49 | D:1      | Reached XP level 2. HP: 14/19 MP: 2/2
    82 | D:1      | 82 ||| Stepping ~*~*~tactically~*~*~ (stealth).
    99 | D:1      | 99 ||| DROPPING +0 club.
   149 | D:1      | Reached skill level 3 in Axes
   150 | D:1      | Reached XP level 3. HP: 23/23 MP: 3/3
   171 | D:1      | Found a faded altar of an unknown god.
   223 | D:1      | 223 ||| Stepping ~*~*~tactically~*~*~ (stealth).
   592 | D:1      | 592 ||| READING scroll labelled SABIYDO RAISO.
   593 | D:1      | 593 ||| READING scroll labelled FAGHUEBIZUT.
   596 | D:1      | 596 ||| READING scroll labelled NEAREN INANUZU.
   646 | D:2      | 646 ||| Stepping ~*~*~tactically~*~*~ (stealth).
   730 | D:2      | Reached XP level 4. HP: 28/28 MP: 4/4
   820 | D:2      | 820 ||| Stepping ~*~*~tactically~*~*~ (hiding).
   911 | D:2      | Reached skill level 4 in Axes
  1340 | D:2      | 1340 ||| UPGRADING to +0 chain mail.
  1350 | D:2      | 1350 ||| DROPPING +0 scale mail.
  1351 | D:2      | 1351 ||| DROPPING +6 ring of intelligence.
  1352 | D:2      | 1352 ||| READING scroll labelled AXADDUTIPP.
  1353 | D:2      | 1353 ||| DRINKING 2 grey potions.
  1550 | D:3      | 1550 ||| Stepping ~*~*~tactically~*~*~ (stealth).
  1555 | D:3      | 1555 ||| Stepping ~*~*~tactically~*~*~ (stealth).
  1564 | D:3      | Noticed Grinder
  1565 | D:3      | 1565 ||| Stepping ~*~*~tactically~*~*~ (stealth).
  1587 | D:3      | Paralysed by Grinder for 3 turns
  1591 | D:3      | HP: 7/28 [Grinder (2)]
  1594 | D:3      | HP: 1/28 [Grinder/nerve-wracking pain (7)]
  1596 | D:3      | Slain by Grinder

Levels and vault maps discovered:
D:1:      lightli_molten_gateway, layout_rooms,
          hellmonk_ecumenical_altar_defaced_shrine, corexii_hall_statues_t,
          minmay_misc_feat_enclosed, chequers_avenue
D:2:      layout_loops_ring, minmay_crystal_room
D:3:      layout_loops_ring, uniq_grinder

Skill      XL: |  1  2  3  4 |
---------------+-------------+-----
Axes           | 2 3 4 |  4.3
Fighting       | |  3.2
Armour         | |  3.2
Shields        | |  3.2

Action                     |  1- 3 |  4- 6 || total
---------------------------+-------+-------++-------
  Melee: War axe           |    98 |    92 ||   190
    Use: Scroll            |     3 |     1 ||     4
         Potion            |       |     1 ||     1
 Armour: Scale mail        |    63 |    19 ||    82
         Chain mail        |       |    31 ||    31
  Dodge: Dodged            |    50 |    31 ||    81
  Block: Buckler           |    23 |    13 ||    36

Table legend:
 A = Non-vault XP
 B = Vault XP
 C = Vault XP percentage of total XP
 D = Non-vault monster count
 E = Vault monster count
 F = Vault count percentage of total count
                 A         B        C        D         E       F
            +---------+---------+-------+---------+---------+-------
      Total |     126 |      10 |   7.4 |      51 |       4 |   7.3
            +---------+---------+-------+---------+---------+-------
        D:1 |      47 |      10 |  17.5 |      27 |       4 |  12.9
        D:2 |      48 |       0 |   0.0 |      16 |       0 |   0.0
        D:3 |      31 |       0 |   0.0 |       8 |       0 |   0.0
            +---------+---------+-------+---------+---------+-------
